cohdb
Replays
Latest Replays
All Replays
Popular Replays
Top Player Replays
Match Explorer
How It Works
Community
CoH3 Stats
Reddit
Sign in to upload your games and track your stats! →
Sign in with Steam
Match 47201228
Unlisted
Match 47201228
Overview
Messages
Build Orders
End
Vickers Machine Gun Team
Construct Section Command Post
Dingo Light Scout Car
Infantry Section
Infantry Section
Selects Air and Sea Battlegroup
Grenade Package
Construct Platoon Command Post
Selects Commando Section Paradrop
Selects M1 Pack Howitzer Paradrop
Commando Section Paradrop
Commando Section Paradrop
6-pounder Anti-tank Gun Team
Construct Company Command Post
Matilda II Heavy Tank
Selects Anti-tank Rocket Loiter
Unlock M3 Grant Medium Tanks
Anti-tank Rocket Loiter
M3 Grant Medium Tank
Selects Supply Surplus
Selects UNKNOWN (223837)
Construct Resource Cache
Anti-tank Rocket Loiter
Forward Retreat Point
Anti-tank Rocket Loiter
CMP 15cwt Truck
M3 Grant Medium Tank
Selects Assault Flares
Assault Flares
M3 Grant Medium Tank
Royal Engineer Section
Assault Flares
Commando Section Paradrop
Assault Flares
.
No communist
皮皮
JT
Wheanors McQueen
Mansonfreakss
饴果子
Cmdte. Canela
0
0
Comments
sign in to comment!
No comments posted yet!